[Event "Titled Tuesday Blitz August 1 Early 2023"]
[White "Sreyas Payyappat"]
[Black "Hercegovac, Neven"]
[WhiteFideId "46674969"]
[BlackFideId "2839135"]
[WhiteElo "2509"]
[BlackElo "2332"]
[Result "1-0"]
[Round "2"]
[TimeControl "180+1"]
[Date "2023.08.01"]
[WhiteClock "0:00:12"]
[BlackClock "0:00:01"]
[Board "190"]

1. e4 e6 2. d4 d5 3. Nc3 Nf6 4. Bg5 dxe4 5. Nxe4 Nbd7 6. Nf3 h6 7. Bxf6 Nxf6 8. Nxf6+ Qxf6 9. Bd3 Bd7 10. Qe2 O-O-O 11. O-O-O Kb8 12. Kb1 c5 13. Be4 Bd6 14. dxc5 Bxc5 15. Bxb7 Kxb7 16. Rxd7+ Rxd7 17. Qb5+ Kc8 18. Qc6+ Rc7 19. Qa8+ Kd7 20. Rd1+ Ke7 21. Qxh8 Rd7 22. Rxd7+ Kxd7 23. Qa8 Bxf2 24. Qb7+ Ke8 25. Qc6+ Ke7 26. Qc7+ Ke8 27. Ne5 Bb6 28. Qc6+ Ke7 29. Qb7+ Ke8 30. Nf3 Qe7 31. Qe4 f5 32. Qe5 Bc7 33. Qb5+ Qd7 34. Qe2 Bb6 35. b3 g5 36. a4 Qd5 37. Nd2 g4 38. Nc4 h5 39. a5 Bc5 40. Kb2 h4 41. Nd2 h3 42. gxh3 gxh3 43. Nc4 Qd4+ 44. Ka2 Qd5 45. Qh5+ Kd7 46. Qxh3 Bb4 47. Qh7+ Kc6 48. Qxa7 Qg2 49. Qa8+ 1-0


[Site "https://www.chess.com"]

[Event "Titled Tuesday Blitz August 1 Early 2023"]
[White "Vemparala, Nikash"]
[Black "Girya, Olga"]
[WhiteFideId "30960967"]
[BlackFideId "4195752"]
[WhiteElo "2328"]
[BlackElo "2507"]
[Result "1-0"]
[Round "2"]
[TimeControl "180+1"]
[Date "2023.08.01"]
[WhiteClock "0:00:24"]
[BlackClock "0:00:07"]
[Board "191"]

1. e4 e5 2. Nf3 Nc6 3. d4 exd4 4. Nxd4 Nf6 5. Nxc6 bxc6 6. e5 Qe7 7. Qe2 Nd5 8. c4 Ba6 9. b3 g6 10. Bb2 Bg7 11. Nd2 O-O 12. O-O-O d6 13. Qe4 f5 14. exf6 Qxe4 15. Nxe4 Nxf6 16. Nxf6+ Bxf6 17. Bxf6 Rxf6 18. f3 Re8 19. Bd3 Rfe6 20. Be4 Bb7 21. h4 h6 22. h5 g5 23. Rd2 Kg7 24. Rhd1 Re5 25. g3 a5 26. Kb2 Rd8 27. Kc3 Ba8 28. Bc2 c5 29. f4 Re3+ 30. Rd3 Rde8 31. fxg5 hxg5 32. Rf1 Rxd3+ 33. Bxd3 Re3 34. Kd2 Rxg3 35. h6+ Kxh6 36. Rf7 Rg2+ 37. Kc3 Rxa2 38. Rh7# 1-0


[Site "https://www.chess.com"]

[Event "Titled Tuesday Blitz August 1 Early 2023"]
[White "Khamdamova, Afruza"]
[Black "Acikel, Mert"]
[WhiteFideId "14210444"]
[BlackFideId "12956465"]
[WhiteElo "2506"]
[BlackElo "2325"]
[Result "1-0"]
[Round "2"]
[TimeControl "180+1"]
[Date "2023.08.01"]
[WhiteClock "0:00:07"]
[BlackClock "0:00:12"]
[Board "192"]

1. e4 e5 2. Nf3 Nc6 3. Bb5 a6 4. Ba4 Nf6 5. O-O Be7 6. Re1 b5 7. Bb3 d6 8. c3 O-O 9. h3 Nb8 10. d4 Nbd7 11. Nbd2 Bb7 12. Bc2 Re8 13. Nf1 Bf8 14. Ng3 g6 15. Bg5 Be7 16. Qd2 c5 17. a4 cxd4 18. cxd4 Rc8 19. axb5 axb5 20. Bd3 exd4 21. Bxb5 Qb6 22. Nxd4 Rcd8 23. Be3 Nxe4 24. Nxe4 Bxe4 25. Bxd7 Rxd7 26. Nf5 Qc6 27. Nh6+ Kg7 28. f3 Bd5 29. Rec1 Qb7 30. Ra7 Qb5 31. Ra5 Qb7 32. Rxd5 Bf6 33. Bd4 Bxd4+ 34. Qxd4+ f6 35. Ng4 Rf7 36. Rxd6 Re2 37. Nxf6 Qxb2 38. Nh5+ Kh6 39. Qxb2 Rxb2 40. Ng3 Ra7 41. Nf1 Raa2 42. Ne3 Re2 43. Ng4+ Kh5 44. Nf6+ Kh6 45. Ng4+ Kh5 46. g3 Rg2+ 47. Kh1 Rxg3 48. Rc5+ g5 49. Rh6# 1-0


[Site "https://www.chess.com"]

[Event "Titled Tuesday Blitz August 1 Early 2023"]
[White "Nosacheva, Mariya"]
[Black "Tokman, Ariel"]
[WhiteFideId "34111422"]
[BlackFideId "117420"]
[WhiteElo "2324"]
[BlackElo "2506"]
[Result "1-0"]
[Round "2"]
[TimeControl "180+1"]
[Date "2023.08.01"]
[WhiteClock "0:00:38"]
[BlackClock "0:00:00"]
[Board "193"]

1. e4 e6 2. d4 d5 3. Nc3 Bb4 4. e5 c5 5. a3 Bxc3+ 6. bxc3 Ne7 7. Qg4 Qc7 8. Qxg7 Rg8 9. Qxh7 cxd4 10. Ne2 dxc3 11. f4 Nd7 12. Nd4 a6 13. h4 Nf8 14. Qd3 Bd7 15. Rb1 b5 16. h5 Nc6 17. h6 Nxd4 18. Qxd4 Rh8 19. Bd3 Ng6 20. Bxg6 fxg6 21. Qd3 Kf7 22. Be3 a5 23. g4 Rab8 24. Kf2 b4 25. axb4 Bb5 26. Qd4 a4 27. f5 Rbc8 28. fxe6+ Kxe6 29. Kg3 Qxe5+ 30. Qxe5+ Kxe5 31. Rbe1 d4 32. Bf4+ Kd5 33. Re5+ Kc4 34. h7 a3 35. Re7 a2 36. Be5 Ra8 37. Bxh8 Rxh8 38. Ra7 Kxb4 39. Rxa2 d3 40. cxd3 Bxd3 41. Ra7 g5 42. Rg7 c2 43. Rxg5 Rxh7 44. Rgh5 Re7 45. g5 Kc3 46. Rh8 Kd2 47. Rc8 Re3+ 48. Kf4 Re4+ 49. Kf3 Re3+ 50. Kg4 Re4+ 51. Kh5 Be2+ 52. Kg6 Bd1 53. Kh7 c1=Q 54. Rxc1 Kxc1 55. g6 Kd2 56. g7 Bc2 57. Kh8 Rg4 58. g8=Q Rxg8+ 59. Kxg8 Kc3 60. Kf7 Bd3 61. Ke6 Kd4 62. Rh3 Be4 63. Rh4 Ke3 64. Ke5 Bf3 65. Rh3 Ke2 66. Kf4 Bd5 67. Ra3 Kd2 68. Ke5 Bc6 69. Kd4 Ke2 70. Rc3 1-0


[Site "https://www.chess.com"]

[Event "Titled Tuesday Blitz August 1 Early 2023"]
[White "Viskelis, Darius"]
[Black "Tikhonov, Viacheslav"]
[WhiteFideId "12800830"]
[BlackFideId "44196407"]
[WhiteElo "2321"]
[BlackElo "2505"]
[Result "1-0"]
[Round "2"]
[TimeControl "180+1"]
[Date "2023.08.01"]
[WhiteClock "0:01:14"]
[BlackClock "0:01:02"]
[Board "194"]

1. e4 c6 2. d4 d5 3. exd5 cxd5 4. c4 Nf6 5. Nc3 Nc6 6. Bg5 Be6 7. c5 b6 8. Bb5 Bd7 9. Bxf6 exf6 10. Nxd5 bxc5 11. Qe2+ Be7 12. Nf3 O-O 13. Bxc6 Bxc6 14. Nxe7+ Kh8 15. Nxc6 Qd5 16. Ne7 Qb7 17. O-O Rfe8 18. Rfe1 cxd4 19. Nxd4 Qb4 20. Ndc6 Qh4 21. g3 Qc4 22. Qxc4 1-0


[Site "https://www.chess.com"]

[Event "Titled Tuesday Blitz August 1 Early 2023"]
[White "Estrada Nieto, Julian"]
[Black "Fajdetic, Hrvoje"]
[WhiteFideId "5101018"]
[BlackFideId "14501945"]
[WhiteElo "2504"]
[BlackElo "2320"]
[Result "1-0"]
[Round "2"]
[TimeControl "180+1"]
[Date "2023.08.01"]
[WhiteClock "0:01:02"]
[BlackClock "0:01:07"]
[Board "195"]

1. e4 c5 2. Nf3 a6 3. c3 d5 4. exd5 Qxd5 5. d4 Bg4 6. Be2 e6 7. O-O Nf6 8. Be3 Nbd7 9. c4 Qd6 10. Nc3 Be7 11. h3 Bh5 12. dxc5 Nxc5 13. b4 Qxd1 14. Rfxd1 Nce4 15. Nxe4 Nxe4 16. a3 Nc3 17. Rd2 Nxe2+ 18. Rxe2 Bxf3 19. gxf3 Rd8 20. Rd2 Rxd2 21. Bxd2 O-O 22. Kf1 Rd8 23. Ke2 Bf6 24. Rb1 Rd4 25. b5 a5 26. c5 Rc4 27. c6 bxc6 28. b6 Be5 29. b7 Bb8 30. Bxa5 Kf8 31. Rd1 Rc2+ 32. Kf1 Rb2 33. Rd8+ Ke7 34. Rxb8 1-0


[Site "https://www.chess.com"]

[Event "Titled Tuesday Blitz August 1 Early 2023"]
[White "Jiganchine, Roman"]
[Black "feuervogel1000000"]
[WhiteFideId "2603667"]
[WhiteElo "2318"]
[BlackElo "2502"]
[Result "0-1"]
[Round "2"]
[TimeControl "180+1"]
[Date "2023.08.01"]
[WhiteClock "0:00:01"]
[BlackClock "0:01:32"]
[Board "196"]

1. e4 c5 2. Nf3 d6 3. Bb5+ Nd7 4. a4 Nf6 5. Nc3 g6 6. O-O Bg7 7. Re1 O-O 8. h3 a6 9. Bf1 b6 10. d3 Bb7 11. Bg5 h6 12. Bf4 e5 13. Be3 Nh5 14. Qd2 Kh7 15. Nd5 Bxd5 16. exd5 f5 17. Qd1 f4 18. Bd2 Nhf6 19. c4 g5 20. Bc3 Rg8 21. Nd2 h5 22. Ne4 Qe7 23. b4 Bh6 24. a5 Nxe4 25. Rxe4 bxa5 26. bxc5 Nxc5 27. Qxh5 Nxe4 28. dxe4 Qe8 29. Qg4 Qc8 30. Qh5 g4 31. Kh1 Rg5 32. Qf7+ Rg7 33. Qh5 gxh3 34. gxh3 Raa7 35. Be2 Rg5 36. Qh4 Rag7 37. Bg4 Qxc4 38. Rc1 Qxe4+ 39. f3 Qxd5 40. Qf2 Qd3 41. Qe1 Rxg4 42. hxg4 Qxf3+ 43. Kh2 Qg3+ 44. Qxg3 fxg3+ 45. Kxg3 Bxc1 0-1


[Site "https://www.chess.com"]

[Event "Titled Tuesday Blitz August 1 Early 2023"]
[White "Lehtosaari, Mauri"]
[Black "Vasques, Antonio Pedro Freixial"]
[WhiteFideId "501999"]
[BlackFideId "1908332"]
[WhiteElo "2501"]
[BlackElo "2316"]
[Result "1-0"]
[Round "2"]
[TimeControl "180+1"]
[Date "2023.08.01"]
[WhiteClock "0:00:51"]
[BlackClock "0:00:05"]
[Board "197"]

1. d4 Nf6 2. Nf3 g6 3. Bg5 Bg7 4. e3 O-O 5. Nbd2 d6 6. Bc4 c6 7. O-O Nbd7 8. a4 e5 9. c3 a5 10. Bh4 e4 11. Nxe4 d5 12. Nxf6+ Bxf6 13. Bxf6 Qxf6 14. Be2 h5 15. Qd3 Nb6 16. b3 Bf5 17. Qd2 Kg7 18. Bd3 Bg4 19. Ne5 Rae8 20. c4 dxc4 21. bxc4 Rxe5 22. dxe5 Qxe5 23. Be2 Be6 24. Rfc1 Qc7 25. Qxa5 Ra8 26. Qc3+ Kh7 27. a5 Nd7 28. c5 Qd8 29. Bc4 Nxc5 30. Bxe6 Nxe6 31. a6 Rxa6 32. Rxa6 bxa6 33. Qxc6 Kg7 34. Qxa6 Qd2 35. Qa1+ Kh7 36. Qc3 Qe2 37. Qc2 Qg4 38. h3 Qb4 39. Qc3 Qe4 40. Qf6 Qb7 41. Rd1 Kg8 42. g3 Qb3 43. Rd7 Qd1+ 44. Rxd1 1-0


[Site "https://www.chess.com"]

[Event "Titled Tuesday Blitz August 1 Early 2023"]
[White "Ardila, Oscar Humberto"]
[Black "Erzhanov, Arman"]
[WhiteFideId "4404742"]
[BlackFideId "4138821"]
[WhiteElo "2308"]
[BlackElo "2499"]
[Result "0-1"]
[Round "2"]
[TimeControl "180+1"]
[Date "2023.08.01"]
[WhiteClock "0:01:57"]
[BlackClock "0:01:53"]
[Board "198"]

1. d4 d6 2. Nf3 g6 3. c4 Bg7 4. Nc3 e5 5. d5 f5 6. e4 Nf6 7. Bg5 f4 8. Be2 Nbd7 9. O-O O-O 10. Nd2 h6 11. Bxf6 Nxf6 12. h3 g5 13. Bg4 Bxg4 14. hxg4 Qd7 15. f3 h5 16. gxh5 Nxh5 17. Ne2 Kf7 18. Kf2 Rh8 19. Rh1 g4 20. fxg4 Qxg4 21. Nf3 Rag8 22. Qg1 Bf6 23. Ke1 Qxg2 24. Qxg2 Rxg2 25. Kf1 Rxe2 26. Kxe2 Ng3+ 27. Kf2 Rxh1 28. Rxh1 Nxh1+ 29. Kg2 Ng3 30. Kf2 Nxe4+ 31. Ke2 Ng5 32. Nd2 e4 33. b4 Bd4 34. Nb3 f3+ 35. Kf1 Be5 36. Kf2 Bf4 37. c5 e3+ 38. Kf1 e2+ 39. Kf2 Bg3+ 0-1


[Site "https://www.chess.com"]

[Event "Titled Tuesday Blitz August 1 Early 2023"]
[White "Shubenkova, Veronika"]
[Black "Szente Varga, Fruzsina"]
[WhiteFideId "44124040"]
[BlackFideId "712264"]
[WhiteElo "2499"]
[BlackElo "2307"]
[Result "1-0"]
[Round "2"]
[TimeControl "180+1"]
[Date "2023.08.01"]
[WhiteClock "0:01:28"]
[BlackClock "0:00:00"]
[Board "199"]

1. c4 e5 2. Nc3 Nf6 3. g3 g6 4. Bg2 Bg7 5. d3 O-O 6. e4 d6 7. Nge2 Be6 8. O-O Nc6 9. h3 Qd7 10. Kh2 Nd8 11. f4 c6 12. g4 exf4 13. Bxf4 Ne8 14. Ng3 Nc7 15. Rc1 a6 16. Rc2 b5 17. b3 b4 18. Nce2 c5 19. d4 cxd4 20. Nxd4 Rc8 21. Nxe6 Ndxe6 22. Qxd6 Rfd8 23. Qxb4 Nd4 24. Rcf2 Nce6 25. Bc1 Rf8 26. Qa5 Qd6 27. Ba3 Nc5 28. Kg1 Qxg3 29. Bxc5 Qe5 30. b4 Rfe8 31. Kh1 Rc7 32. Qxa6 Ne6 33. Bd6 Qc3 34. Bxc7 Nxc7 35. Qc6 Be5 36. Rf3 Qd2 37. b5 1-0


[Site "https://www.chess.com"]

[Event "Titled Tuesday Blitz August 1 Early 2023"]
[White "Fuzesabonyilaci"]
[Black "Shohat, Yotam"]
[BlackFideId "2813955"]
[WhiteElo "2305"]
[BlackElo "2498"]
[Result "1-0"]
[Round "2"]
[TimeControl "180+1"]
[Date "2023.08.01"]
[WhiteClock "0:00:14"]
[BlackClock "0:00:44"]
[Board "200"]

1. d4 Nf6 2. Nc3 e6 3. e4 Bb4 4. e5 Ng8 5. Qg4 g6 6. Bd2 d6 7. O-O-O Nc6 8. Nf3 h5 9. Qf4 Nh6 10. h3 Bxc3 11. Bxc3 Qe7 12. d5 exd5 13. exd6 Qf8 14. Bxh8 Qxh8 15. Rxd5 Be6 16. Rd2 O-O-O 17. dxc7 Rxd2 18. Nxd2 Nf5 19. Bc4 Nfd4 20. Bxe6+ fxe6 21. Re1 e5 22. Qe4 Qf6 23. c3 Ne6 24. Nf3 Nc5 25. Qe3 Nd7 26. Qg5 Qe6 27. Nh4 Qxa2 28. Qxg6 Kxc7 29. Qb1 Qc4 30. Nf3 Nc5 31. Qh7+ Kb6 32. Kb1 e4 33. Nd4 Qd3+ 34. Nc2 a5 35. Qxh5 a4 36. Qe2 Qd5 37. Nb4 Qb3 38. Qc2 Ne5 39. Qxb3 axb3 40. Nd5+ Kc6 41. Nf6 Ned3 42. Re2 Nf4 43. Rxe4 Nxe4 44. Nxe4 Nxg2 45. Nd2 Nf4 46. h4 Kd5 47. Nxb3 Ke4 48. Nd4 Nd3 49. f3+ Kf4 50. Kc2 Ne5 51. Kb3 Kg3 52. h5 Nf7 53. Kc4 Kh4 54. Kb5 Kxh5 55. Kb6 Nd6 56. Kc7 Nc4 57. b4 b6 58. Kc6 Kg5 59. Kb5 Nb2 60. Kxb6 Na4+ 61. Ka5 Nxc3 62. b5 Nd5 63. b6 Nf6 64. b7 Nd7 65. Ne2 Kf5 66. Kb5 Nb8 67. Kb6 Ke6 68. Kc7 Na6+ 69. Kc8 Ke5 70. b8=Q+ Nxb8 71. Kxb8 Kf5 72. f4 Ke4 73. Kc7 Kf5 74. Kd6 Ke4 1-0


[Site "https://www.chess.com"]

[Event "Titled Tuesday Blitz August 1 Early 2023"]
[White "Ocelak, Jakub"]
[Black "Levitan, Caleb Levi"]
[WhiteFideId "23707933"]
[BlackFideId "14332620"]
[WhiteElo "2497"]
[BlackElo "2304"]
[Result "1-0"]
[Round "2"]
[TimeControl "180+1"]
[Date "2023.08.01"]
[WhiteClock "0:00:03"]
[BlackClock "0:00:02"]
[Board "201"]

1. e4 e5 2. Nf3 Nc6 3. Bb5 a6 4. Ba4 Nf6 5. O-O Bc5 6. Qe2 b5 7. Bb3 O-O 8. c3 d6 9. h3 Bb6 10. a4 Bb7 11. d3 Ne7 12. Na3 Ng6 13. Be3 Bxe3 14. fxe3 c6 15. Nh2 Qe7 16. Qf2 bxa4 17. Bxa4 d5 18. exd5 cxd5 19. Bc2 Rab8 20. d4 e4 21. Qe2 Qd6 22. Rf2 Qg3 23. Nf1 Qg5 24. Nd2 Bc8 25. Kh1 Rxb2 26. Raf1 Nh5 27. Kh2 Ng3 28. Qe1 Nxf1+ 29. Rxf1 Qe7 30. Qa1 Rb6 31. Nb3 Rf6 32. Nc5 Rxf1 33. Qxf1 a5 34. c4 f5 35. cxd5 f4 36. Bb3 Qd6 37. Nb5 Qb8 38. d6+ Kh8 39. Qc4 fxe3 40. Kg1 Ba6 41. Ba4 Bxb5 42. Bxb5 Qxd6 43. Ne6 Rg8 44. Ng5 Qg3 45. Nf7# 1-0


[Site "https://www.chess.com"]

[Event "Titled Tuesday Blitz August 1 Early 2023"]
[White "Van den Dikkenberg, Erik"]
[Black "Grossboss19"]
[WhiteFideId "1005880"]
[WhiteElo "2298"]
[BlackElo "2492"]
[Result "0-1"]
[Round "2"]
[TimeControl "180+1"]
[Date "2023.08.01"]
[WhiteClock "0:00:12"]
[BlackClock "0:00:14"]
[Board "202"]

1. e4 e5 2. Nf3 Nc6 3. Nc3 d6 4. d4 exd4 5. Nxd4 Nf6 6. Bc4 Be7 7. O-O O-O 8. Re1 Re8 9. Bf4 Nd7 10. Nf5 Bf6 11. Qh5 Nde5 12. Bb5 g6 13. Nh6+ Kg7 14. Qd1 a6 15. Bxc6 bxc6 16. Bxe5 Bxe5 17. Ng4 Bxg4 18. Qxg4 Rb8 19. Nd1 Bxb2 20. Nxb2 Rxb2 21. Rad1 Qe7 22. e5 dxe5 23. Qc4 Rb6 24. Qc3 Kg8 25. f4 e4 26. f5 Rb5 27. fxg6 hxg6 28. Rd4 Qc5 29. Qd2 Qf5 30. c3 Rd5 31. c4 Rxd4 32. Qxd4 Qe5 33. Qe3 Rd8 34. h3 Qd4 35. Kf2 Qxe3+ 36. Kxe3 f5 37. Re2 Kf7 38. Kf4 Kf6 39. g4 g5+ 40. Kg3 Rd3+ 41. Kg2 Rc3 42. gxf5 Rxc4 43. Kg3 Kxf5 44. Rf2+ Kg6 45. Re2 Rd4 46. Kg4 c5 47. Re3 Kf6 48. h4 gxh4 49. Kxh4 Kf5 50. Kg3 Rd3 51. Kf2 Rxe3 52. Kxe3 Ke5 53. a4 a5 54. Ke2 Kd4 55. Kd2 c4 56. Ke2 c3 57. Kd1 Kd3 58. Kc1 e3 59. Kd1 e2+ 60. Ke1 c5 61. Kf2 Kd2 62. Kf3 e1=Q 63. Kf4 Qd1 64. Kf5 Qxa4 65. Ke6 c2 66. Kd5 c1=Q 67. Kd6 Qad1 68. Kd5 c4 69. Kc6 a4 70. Kd5 a3 71. Kc5 a2 72. Kd5 c3 73. Kd4 c2 74. Kc5 a1=Q 75. Kd5 Kc3+ 76. Kc5 Qd3 77. Kb6 Kb2 78. Kc5 Kb1 79. Kb4 Qcb2+ 80. Kc5 c1=Q# 0-1


[Site "https://www.chess.com"]

[Event "Titled Tuesday Blitz August 1 Early 2023"]
[White "Molenda, Marcin"]
[Black "Georg, Heinz"]
[WhiteFideId "1173065"]
[BlackFideId "4607295"]
[WhiteElo "2492"]
[BlackElo "2298"]
[Result "0-1"]
[Round "2"]
[TimeControl "180+1"]
[Date "2023.08.01"]
[WhiteClock "0:00:55"]
[BlackClock "0:00:52"]
[Board "203"]

1. e4 e5 2. Nf3 Nc6 3. d4 exd4 4. Nxd4 Nf6 5. Nc3 Bb4 6. Nxc6 bxc6 7. Bd3 d5 8. exd5 cxd5 9. O-O O-O 10. Bg5 c6 11. Qf3 h6 12. Bh4 g5 13. Bg3 Bg4 14. Qe3 d4 15. Qe5 dxc3 16. Rad1 Qe7 17. f3 Qxe5 18. Bxe5 Nd7 19. Bd4 Be6 20. bxc3 Bc5 21. f4 Bxd4+ 22. cxd4 f5 23. Rde1 Bxa2 24. fxg5 hxg5 25. Bxf5 Nb6 26. Re7 Bc4 27. Rf3 Rae8 28. Rc7 Re1+ 29. Kf2 Rf1+ 0-1


[Site "https://www.chess.com"]

[Event "Titled Tuesday Blitz August 1 Early 2023"]
[White "Nord, Alexander"]
[Black "Kiremitciyan, Ari"]
[WhiteFideId "1738135"]
[BlackFideId "6373445"]
[WhiteElo "2293"]
[BlackElo "2491"]
[Result "0-1"]
[Round "2"]
[TimeControl "180+1"]
[Date "2023.08.01"]
[WhiteClock "0:00:01"]
[BlackClock "0:00:04"]
[Board "204"]

1. d4 Nf6 2. Bf4 d5 3. e3 c5 4. c3 Nc6 5. Nd2 e6 6. Ngf3 cxd4 7. exd4 Nh5 8. Be3 Bd6 9. Ne5 g6 10. g4 Ng7 11. h4 h5 12. Bg5 Qc7 13. Bf6 Kf8 14. Ndf3 hxg4 15. Nxg4 Rh5 16. Bd3 Ne8 17. Bg5 e5 18. Ngxe5 Nxe5 19. dxe5 Bxe5 20. Qe2 Bf4 21. Rg1 Be6 22. Nd4 Bxg5 23. hxg5 Bd7 24. O-O-O Qf4+ 25. Kb1 Rxg5 26. Rxg5 Qxg5 27. Rh1 Kg7 28. Qf3 Nf6 29. Re1 Re8 30. Rxe8 Bxe8 31. Qe2 Bd7 32. Qf1 Qf4 33. Qe2 Ne4 34. a3 Qxf2 35. Bxe4 Qxe2 36. Nxe2 dxe4 37. Ng3 f5 38. Kc2 Kf6 39. c4 Ke5 40. b4 f4 41. Kd2 fxg3 0-1


[Site "https://www.chess.com"]

[Event "Titled Tuesday Blitz August 1 Early 2023"]
[White "Dushyant Sharma"]
[Black "Barwinska, Ewa"]
[WhiteFideId "25065130"]
[BlackFideId "21833761"]
[WhiteElo "2488"]
[BlackElo "2290"]
[Result "1-0"]
[Round "2"]
[TimeControl "180+1"]
[Date "2023.08.01"]
[WhiteClock "0:00:52"]
[BlackClock "0:00:27"]
[Board "205"]

1. e4 c5 2. Nf3 d6 3. d4 cxd4 4. Nxd4 Nf6 5. Nc3 a6 6. f4 e5 7. Nf3 Qc7 8. a4 Nc6 9. Bd3 b6 10. O-O Be7 11. Kh1 exf4 12. Bxf4 Ne5 13. Qe1 O-O 14. Nd4 Be6 15. Bg5 Ne8 16. Qg3 Bxg5 17. Qxg5 h6 18. Qg3 Qc5 19. Nf5 Bxf5 20. Rxf5 Nc7 21. Raf1 Qb4 22. Nd1 Ne6 23. Ne3 Qxb2 24. Nd5 b5 25. axb5 axb5 26. Rf6 Kh8 27. Qh4 Ra1 28. Rxh6+ gxh6 29. Qxh6+ Kg8 30. Nf6# 1-0


[Site "https://www.chess.com"]

[Event "Titled Tuesday Blitz August 1 Early 2023"]
[White "Fernandez Siles, Luis"]
[Black "Kaplan, Avi Harrison"]
[WhiteFideId "2209420"]
[BlackFideId "30934559"]
[WhiteElo "2286"]
[BlackElo "2486"]
[Result "0-1"]
[Round "2"]
[TimeControl "180+1"]
[Date "2023.08.01"]
[WhiteClock "0:00:01"]
[BlackClock "0:00:06"]
[Board "206"]

1. e4 b6 2. Nc3 Bb7 3. f4 e6 4. d4 Bb4 5. Bd3 c5 6. a3 Ba5 7. b4 cxb4 8. Nb5 d6 9. e5 b3+ 10. Kf1 dxe5 11. fxe5 bxc2 12. Qg4 Kf8 13. Nd6 Ba6 14. Bxa6 Nxa6 15. Nf3 h6 16. Qf4 Qe7 17. Nh4 g5 18. Qf3 gxh4 19. Qxa8+ Kg7 20. Qf3 Qc7 21. g3 h3 22. Qg4+ Kf8 23. Qxh3 Ne7 24. Kg2 Nc8 25. Rf1 Nxd6 26. exd6 Qxd6 27. Qh5 Qd5+ 28. Qf3 Bc3 29. Qxd5 exd5 30. Ra2 Bxd4 31. Rxc2 Bc5 32. Rd2 Nc7 33. Bb2 Rg8 34. Rf6 Ke7 35. Rxh6 Ne6 36. Bf6+ Kd7 37. Rxd5+ Kc6 38. Rhh5 Nf4+ 39. Kf3 Nxd5 40. Bb2 Rg6 41. Rf5 Re6 42. h4 Re3+ 43. Kg4 Re4+ 44. Kh3 Re2 45. Be5 Bd6 46. Bxd6 Kxd6 47. Rxf7 a5 48. h5 Ke6 49. Rb7 Re1 50. g4 Ra1 51. g5 Rxa3+ 52. Kg4 Ra4+ 53. Kg3 Kf5 54. g6 Rg4+ 55. Kf3 Rg5 56. h6 Rxg6 57. h7 Rh6 58. Rd7 Nf6 59. Rb7 Rxh7 60. Rxb6 Ra7 61. Rb5+ Ke6 62. Kf4 Nd5+ 63. Ke4 Nc3+ 64. Kd4 Nxb5+ 65. Kc5 Nc7 0-1


[Site "https://www.chess.com"]

[Event "Titled Tuesday Blitz August 1 Early 2023"]
[White "Brunner, Nicolas"]
[Black "Doluhanova, Evgeniya"]
[WhiteFideId "620246"]
[BlackFideId "14112035"]
[WhiteElo "2485"]
[BlackElo "2278"]
[Result "1-0"]
[Round "2"]
[TimeControl "180+1"]
[Date "2023.08.01"]
[WhiteClock "0:01:19"]
[BlackClock "0:00:24"]
[Board "208"]

1. Nf3 Nf6 2. g3 d5 3. Bg2 e6 4. O-O Be7 5. d4 O-O 6. c4 b6 7. Ne5 Bb7 8. Nc3 Nbd7 9. Bf4 Nxe5 10. dxe5 Ne4 11. Nxe4 dxe4 12. Qa4 a5 13. Rfd1 Qc8 14. Rd7 Bc5 15. Rad1 h6 16. Bh3 Ra7 17. a3 Qa8 18. Rxc7 g5 19. Bc1 e3 20. Bxe3 Bxe3 21. fxe3 Be4 22. Rxa7 Qxa7 23. Qd7 Qa6 24. Bxe6 b5 25. Bd5 Bc2 26. Rf1 Qb6 27. Rxf7 1-0


[Site "https://www.chess.com"]

[Event "Titled Tuesday Blitz August 1 Early 2023"]
[White "Ljukin, Sergei"]
[Black "EdmundPlayer"]
[WhiteFideId "14102200"]
[WhiteElo "2484"]
[BlackElo "2277"]
[Result "1-0"]
[Round "2"]
[TimeControl "180+1"]
[Date "2023.08.01"]
[WhiteClock "0:00:09"]
[BlackClock "0:00:02"]
[Board "209"]

1. e4 e5 2. Nf3 Nc6 3. Bb5 a6 4. Ba4 Nf6 5. Qe2 b5 6. Bb3 Bc5 7. c3 d6 8. d3 h6 9. Be3 Bxe3 10. fxe3 Na5 11. Bc2 c5 12. O-O Nc6 13. Nh4 Nxe4 14. Qf3 Qxh4 15. Qxf7+ Kd8 16. Qxg7 Re8 17. dxe4 Ra7 18. Qg6 Re6 19. Qg8+ Kc7 20. Nd2 Kb8 21. a4 Ne7 22. Qd8 Qg5 23. Rf3 Rg6 24. Rg3 Qh5 25. axb5 Rxg3 26. Qxd6+ Ka8 27. hxg3 Rd7 28. Qxc5 Rxd2 29. b6 Rd7 30. Ba4 Rb7 31. Bc6 Qg5 32. Rxa6+ Kb8 33. Qd6+ Rc7 34. Qxc7# 1-0


[Site "https://www.chess.com"]

[Event "Titled Tuesday Blitz August 1 Early 2023"]
[White "Xavier_mompel"]
[Black "Yashmetov, Mikhail"]
[BlackFideId "24198900"]
[WhiteElo "2277"]
[BlackElo "2477"]
[Result "1-0"]
[Round "2"]
[TimeControl "180+1"]
[Date "2023.08.01"]
[WhiteClock "0:00:31"]
[BlackClock "0:00:19"]
[Board "210"]

1. e4 c5 2. Nf3 Nc6 3. d4 cxd4 4. Nxd4 Nf6 5. Nc3 e5 6. Ndb5 d6 7. Bg5 a6 8. Na3 b5 9. Nd5 Be7 10. Bxf6 Bxf6 11. c3 O-O 12. Nc2 Bg5 13. h4 Bh6 14. g3 Ne7 15. Ncb4 Be6 16. Bh3 a5 17. Nxe7+ Qxe7 18. Nd5 Qb7 19. Qd3 Bxd5 20. Qxd5 Qxd5 21. exd5 f5 22. O-O Rac8 23. g4 Rc5 24. g5 Rxd5 25. gxh6 Rd3 26. Kh2 g6 27. Rad1 Rxd1 28. Rxd1 Rd8 29. Rd5 b4 30. c4 a4 31. c5 Kf7 32. Rxd6 Rxd6 33. cxd6 Ke6 34. Kg2 Kxd6 35. Kf3 Kd5 36. Ke3 f4+ 37. Ke2 a3 38. bxa3 bxa3 39. Bg2+ Kd4 40. Kd2 e4 41. Bf1 e3+ 42. fxe3+ fxe3+ 43. Ke2 Ke4 44. Bg2+ Kf4 45. Bd5 Kg4 46. Kxe3 Kxh4 47. Bg8 Kh5 48. Bxh7 Kxh6 49. Bg8 Kg7 50. Bd5 Kf6 51. Kd3 Ke5 52. Ba8 Kd6 53. Kc3 Kc5 54. Kb3 Kb5 55. Kxa3 Ka5 56. Kb3 g5 57. a4 g4 58. Bg2 Kb6 59. Kb4 Ka6 60. a5 Ka7 61. Kb5 g3 62. Bf3 Kb8 63. Kb6 1-0


[Site "https://www.chess.com"]

[Event "Titled Tuesday Blitz August 1 Early 2023"]
[White "Bettalli, Francesco"]
[Black "Warchol, Kamil"]
[WhiteFideId "2816453"]
[BlackFideId "21858241"]
[WhiteElo "2475"]
[BlackElo "2276"]
[Result "1-0"]
[Round "2"]
[TimeControl "180+1"]
[Date "2023.08.01"]
[WhiteClock "0:01:46"]
[BlackClock "0:00:00"]
[Board "211"]

1. e4 c5 2. Nc3 a6 3. g3 b5 4. Bg2 e6 5. Nge2 Bb7 6. O-O Nf6 7. d4 cxd4 8. Nxd4 b4 9. Nd5 exd5 10. exd5 Bc5 11. Nb3 Bb6 12. Qe1+ Kf8 13. Qxb4+ Kg8 14. Bg5 d6 15. Rfe1 Nbd7 16. Qxd6 Qc7 17. Qxc7 Bxc7 18. c4 Rc8 19. Re7 Kf8 20. Rae1 Re8 21. d6 Bxg2 22. dxc7 Bb7 23. Rxe8+ Nxe8 24. Rd1 Bc8 25. c5 f6 26. Bf4 Kf7 27. c6 Nb6 28. Rd8 Rg8 29. Be3 Nxc7 30. Rxg8 Kxg8 31. Bxb6 Nd5 32. Bd4 Nb4 33. c7 Nxa2 34. Bc5 Kf7 35. Kf1 Ke6 36. Ke1 Kd7 37. Kd2 Kxc7 38. Kc2 Be6 39. Nd4 Bd5 40. b3 a5 41. Bf8 g6 42. f4 f5 43. Kb2 Nb4 44. Bxb4 axb4 45. Nc2 Kb6 46. Nxb4 Be4 47. Kc3 Kb5 48. Nd3 Bd5 49. Ne5 Bg8 50. b4 Bd5 51. Nd7 Be6 52. Nf6 h6 53. Ne8 Bg8 54. Nd6+ Kc6 55. Nc4 Kb5 56. Ne5 g5 57. Nd3 Kc6 58. Kd4 1-0


[Site "https://www.chess.com"]